 Dungeon Crawl Stone Soup version 0.32-a0-913-g739538afd8 (webtiles) character file.

Game seed: 10954923671510610785

45637 gdog the Covert (level 14, -4/113 HPs)
             Began as a Gnoll Delver on Apr 7, 2024.
             Was an Initiate of Gozag.
             Splashed by a goliath frog's acid (7 damage)
             ... on level 5 of the Lair of Beasts.
             The game lasted 01:18:44 (19222 turns).

gdog the Covert (Gnoll Delver)                     Turns: 19222, Time: 01:18:44

Health: -4/113     AC:  5    Str: 12    XL:     14   Next: 34%
Magic:  41/45      EV: 14    Int: 14    God:    Gozag
Gold:   3846       SH: 14    Dex: 14    Spells: 27/32 levels left

rFire   . . .        S - +4 long sword (freeze)
rCold   . . .        c - +3 kite shield
rNeg    . . .        T - +5 leather armour of Xeplann {MP+9}
rPois   +            (no helmet)
rElec   .            o - +0 cloak
rCorr   .            Z - +0 pair of gloves
SInv    .            Q - +0 pair of boots
Will    +....        m - amulet of regeneration
Stlth   +++++        B - ring of poison resistance
HPRegen 1.18/turn    t - ring of magical power
MPRegen 0.29/turn

%: no passive effects
@: corroded, slowed, studying Long Blades, very slow
A: fangs 1, strong nose, distributed training
a: Renounce Religion, Potion Petition, Call Merchant, Bribe Branch


You were on level 5 of the Lair of Beasts.
You worshipped Gozag.
Gozag was most pleased with you.
You visited 3 branches of the dungeon, and saw 18 of its levels.

You collected 3939 gold pieces.
You paid 93 gold pieces to Gozag.

Inventory:

Hand Weapons
 d - a +4 flail
 w - a +1 flail of holy wrath
 P - a +0 broad axe of draining
 S - a +4 long sword of freezing (weapon)
 V - a +2 dagger of venom
 Y - a +1 hand axe of flaming
Missiles
 K - 18 boomerangs
Armour
 c - a +3 kite shield (worn)
 e - a +2 robe of resistance
 o - a +0 cloak (worn)
 O - a +2 ring mail of positive energy
 Q - a +0 pair of boots (worn)
 T - the +5 leather armour of Xeplann (worn) {MP+9}
   (You found it on level 6 of the Dungeon)

   MP+9:      It affects your magic capacity (+9).
 Z - a +0 pair of gloves (worn)
Magical Staves
 k - a staff of death
 r - a staff of cold
 x - a staff of alchemy
 G - a staff of earth
Jewellery
 f - a +4 ring of protection
 m - an amulet of regeneration (around neck)
 n - a ring of magical power
 t - a ring of magical power (right hand)
 B - a ring of poison resistance (left hand)
 X - a +6 ring of dexterity
Wands
 a - a wand of flame (12)
 g - a wand of digging (7)
 h - a wand of light (4)
 v - a wand of polymorph (15)
 I - a wand of charming (32)
 M - a wand of iceblast (2)
Scrolls
 b - 2 scrolls of vulnerability
 i - 3 scrolls of immolation
 s - 4 scrolls of revelation
 y - a scroll of identify
 F - 4 scrolls of teleportation
 L - 2 scrolls of poison {unknown}
 U - a scroll of silence {unknown}
 W - a scroll of fear
Potions
 j - 2 potions of heal wounds
 l - a potion of resistance
 p - 2 potions of enlightenment
 q - 6 potions of mutation
 u - 5 potions of curing
 z - 3 potions of brilliance
 A - a potion of magic
 C - 2 potions of haste
 E - 3 potions of lignification
 H - 6 potions of might
 J - a potion of cancellation {unknown}
 N - 3 potions of attraction {unknown}
 R - 3 potions of ambrosia


   Skills:
 + Level 11.5 Fighting
 + Level 10.5 Short Blades
 + Level 12.1 Long Blades
 + Level 9.5 Axes
 + Level 9.5 Maces & Flails
 + Level 9.5 Polearms
 + Level 9.5 Staves
 + Level 9.5 Ranged Weapons
 + Level 9.5 Throwing
 + Level 9.5 Armour
 + Level 10.5 Dodging
 + Level 13.2 Stealth
 + Level 9.5 Shields
 + Level 9.5 Unarmed Combat
 + Level 9.5 Spellcasting
 + Level 7.9 Conjurations
 + Level 7.9 Hexes
 + Level 7.9 Summonings
 + Level 7.9 Necromancy
 + Level 7.9 Translocations
 + Level 7.9 Fire Magic
 + Level 7.9 Ice Magic
 + Level 7.9 Air Magic
 + Level 7.9 Earth Magic
 + Level 7.9 Alchemy
 + Level 10.3 Invocations
 + Level 9.5 Evocations
 + Level 8.6 Shapeshifting


You had 27 spell levels left.
You knew the following spells:

 Your Spells              Type           Power      Damage    Failure   Level
a - Mephitic Cloud        Conj/Alch/Air  28%        N/A       4%          3
b - Ensorcelled Hibernat  Hex/Ice        56%        N/A       2%          2

Your spell library contained the following spells:

 Spells                   Type           Power      Damage    Failure   Level
 Magic Dart               Conj           100%       1d8       1%          1
 Sandblast                Erth           56%        2d13      1%          1
 Blink                    Tloc           56%        N/A       2%          2
 Call Imp                 Summ           56%        N/A       2%          2
 Mercury Vapours          Alch/Air       56%        N/A       2%          2
 Passwall                 Erth           28%        N/A       4%          3
 Stone Arrow              Conj/Erth      56%        3d10      4%          3
 Swiftness                Air            28%        N/A       4%          3
 Brom's Barrelling Bould  Conj/Erth      28%        2d5       14%         4
 Borgnjor's Vile Clutch   Necr/Erth      14%        N/A       36%         5
 Freezing Cloud           Conj/Ice/Air   14%        6-21      36%         5
 Iskenderun's Battlesphe  Conj           28%        2d8       36%         5
 Bombard                  Conj/Erth      14%        9d3       91%         6
 Death Channel            Necr           14%        N/A       91%         6
 Spellforged Servitor     Conj/Summ      14%        N/A       100%        7
 Animate Dead             Necr           Unusable   N/A       N/A         4

Dungeon Overview and Level Annotations

Branches:
Dungeon (12/15)            Temple (1/1) D:4            Lair (5/5) D:10
 Shoals (0/4) Lair:2       Spider (0/4) Lair:3          Orc (0/2) D:11
  Slime: Lair:4-5

Altars:
Ashenzari
Cheibriados
Dithmenos
Elyvilon
Fedhas
Gozag
Hepliaklqana
Kikubaaqudgha
Makhleb
Nemelex Xobeh
Okawaru
Qazlal
Ru
Sif Muna
Trog
Uskayaw
Vehumet
Wu Jian
Xom
Yredelemnul
Zin
The Shining One

Shops:
D:5 :


Innate Abilities, Weirdness & Mutations

You have very sharp teeth.
Your uncanny sense of smell can sniff out nearby items.
Your experience applies equally to all skills.


Message History

The torpor snail is engulfed in noxious fumes.
The torpor snail seems less confused.
The torpor snail is no longer covered in acid.
You feel yourself speed up.
Being near the torpor snail leaves you feeling lethargic.
Casting: Mephitic Cloud (mildly dangerous; 4% risk of failure)
Confirm with . or Enter, or press ? or * to list all spells.
Aiming: Mephitic Cloud (mildly dangerous; 4% risk of failure)
Press: ? - help, Shift-Dir - straight line, p - torpor snail The ball explodes into a vile cloud!
The stinking cloud engulfs the torpor snail.
The torpor snail is moderately wounded.
The stinking cloud engulfs you.
The goliath frog hits you but does no damage.
The torpor snail is engulfed in noxious fumes.
The torpor snail attacks as it pursues you!
You block the torpor snail's attack.
The goliath frog is engulfed in noxious fumes.
The goliath frog barely misses you.
The goliath frog is engulfed in noxious fumes.
The torpor snail closely misses you.
The torpor snail briefly extends its eye-stalks.
You block the goliath frog's attack.
The torpor snail attacks as it pursues you!
You block the torpor snail's attack. The goliath frog hits you from afar!
You are splashed with acid!
The goliath frog attacks as it pursues you!
The goliath frog hits you from afar. The acid corrodes you!
You are splashed with acid!
* * * LOW HITPOINT WARNING * * *
The torpor snail attacks as it pursues you!
The torpor snail bites you!
* * * LOW HITPOINT WARNING * * *
You block the goliath frog's attack.
There is a stone staircase leading up here.
You block the goliath frog's attack. The goliath frog hits you from afar!!
* * * LOW HITPOINT WARNING * * *
The acid corrodes you!
You are splashed with acid!
You die...
Your body crumbles into a pile of gold.

# # # ## ## ####.## .#
###.#.#.### ##
#.........## .###
##..w@....... ...# ###
##..F........#
...####.###.............
....#....#....##........
...............###.##...
....############ ## .P
#P..# ∆ . ###.# ## ∆ #
#.#####.#### ∆


You could see a torpor snail and a goliath frog.

Vanquished Creatures
  Josephine (Lair:3)
  Fannar (Lair:3)
  A catoblepas (Lair:5)
  3 two-headed ogres (D:10)
  9 death yaks
  Nergalle (Lair:3)
  A skyshark (Lair:4)
  Pikel (D:4)
  A harpy (D:11)
  4 wolf spiders
  7 elephants
  3 black mambas
  A gargoyle (D:10)
  18 cane toads
  3 rime drakes
  7 komodo dragons
  An unseen horror (D:11)
  A tyrant leech (Lair:4)
  A troll (D:11)
  21 blink frogs
  4 slime creatures
  35 yaks
  Sigmund (D:2)
  6 wraiths
  6 wyverns
  5 basilisks
  4 steam dragons
  5 vampire mosquitoes (Lair:4)
  Edmund (D:5)
  8 water moccasins
  2 acid dragons
  A sky beast (D:7)
  6 orc warriors
  An ice beast (D:6)
  A black bear (D:4)
  An ogre (D:6)
  4 centaurs
  5 wolves (Lair:2)
  A phantom (D:7)
  A lemure (D:4)
  3 kobold brigands
  14 bullfrogs
  3 scorpions
  15 wights
  5 killer bees (D:7)
  2 howler monkeys
  An electric eel (Lair:5)
  2 jellies
  3 hounds
  A bombardier beetle (D:5)
  10 orc priests
  Ijyb (D:4)
  3 iguanas
  A sleepcap (D:6)
  Terence (D:1)
  15 orc wizards
  4 gnolls
  7 adders
  A shadow imp (D:6)
  A white imp (D:7)
  A dart slug (D:1)
  3 ribbon worms
  40 orcs
  3 ball pythons
  4 endoplasms
  A giant cockroach (D:1)
  7 goblins
  7 hobgoblins
  11 jackals
  3 quokkas
  6 bats
  3 frilled lizards
  13 kobolds
  12 rats
391 creatures vanquished.

Vanquished Creatures (collateral kills)
  2 elephants (Lair:5)
  A rime drake (Lair:2)
  A yak (Lair:2)
  A wolf (Lair:2)
  A killer bee (D:7)
  A jelly (Lair:5)
  An orc (D:8)
8 creatures vanquished.

Vanquished Creatures (others)
  2 elephants (Lair:2)
  A slime creature (Lair:5)
  A yak (Lair:2)
4 creatures vanquished.

Grand Total: 403 creatures vanquished

Notes
Turn   | Place    | Note
-------+----------+-------------------------------------------
     0 | D:5      | Reached skill level 9 in Stealth
     0 | D:5      | gdog the Gnoll Delver began the quest for the Orb.
     0 | D:5      | Reached XP level 1. HP: 23/23 MP: 1/1
    33 | D:6      | Noticed an iguana
   175 | D:5      | Noticed a water moccasin
   176 | D:5      | Noticed a hound
   182 | D:5      | Killed a water moccasin
   183 | D:5      | Reached skill level 1 in Long Blades
   183 | D:5      | Reached skill level 1 in Axes
   183 | D:5      | Reached skill level 1 in Maces & Flails
   183 | D:5      | Reached skill level 1 in Polearms
   183 | D:5      | Reached skill level 1 in Staves
   183 | D:5      | Reached skill level 1 in Ranged Weapons
   183 | D:5      | Reached skill level 1 in Throwing
   183 | D:5      | Reached skill level 1 in Armour
   183 | D:5      | Reached skill level 1 in Shields
   183 | D:5      | Reached skill level 1 in Unarmed Combat
   183 | D:5      | Reached skill level 1 in Spellcasting
   183 | D:5      | Reached skill level 1 in Conjurations
   183 | D:5      | Reached skill level 1 in Hexes
   183 | D:5      | Reached skill level 1 in Summonings
   183 | D:5      | Reached skill level 1 in Necromancy
   183 | D:5      | Reached skill level 1 in Translocations
   183 | D:5      | Reached skill level 1 in Fire Magic
   183 | D:5      | Reached skill level 1 in Ice Magic
   183 | D:5      | Reached skill level 1 in Air Magic
   183 | D:5      | Reached skill level 1 in Earth Magic
   183 | D:5      | Reached skill level 1 in Alchemy
   183 | D:5      | Reached skill level 1 in Invocations
   183 | D:5      | Reached skill level 1 in Evocations
   183 | D:5      | Reached skill level 1 in Shapeshifting
   183 | D:5      | Reached XP level 2. HP: 29/29 MP: 1/3
   183 | D:5      | Reached XP level 3. HP: 35/35 MP: 1/4
   183 | D:5      | Reached XP level 4. HP: 41/41 MP: 1/5
   253 | D:4      | Reached XP level 5. HP: 46/47 MP: 7/7
   306 | D:4      | Noticed a black bear
   309 | D:4      | Killed a black bear
   394 | D:2      | Reached XP level 6. HP: 53/53 MP: 8/8
   480 | D:2      | Reached skill level 5 in Short Blades
   480 | D:2      | Reached skill level 5 in Dodging
   587 | D:2      | Noticed Terence
  1452 | D:1      | Killed Terence
  1872 | D:2      | Noticed Sigmund
  1883 | D:2      | Killed Sigmund
  1884 | D:2      | Reached XP level 7. HP: 51/60 MP: 10/10
  1960 | D:2      | Learned a level 3 spell: Mephitic Cloud
  2773 | D:4      | Noticed Ijyb
  2774 | D:4      | Killed Ijyb
  2827 | D:4      | Noticed Pikel
  2862 | D:4      | Killed Pikel
  2863 | D:4      | Reached skill level 10 in Stealth
  2863 | D:4      | Reached XP level 8. HP: 37/67 MP: 12/12
  2936 | D:4      | Found a staircase to the Ecumenical Temple.
  2985 | Temple   | Entered the Ecumenical Temple
  3001 | Temple   | Became a worshipper of Gozag Ym Sagoz the Greedy
  3438 | D:5      | Found Loedus's Book Emporium.
  3477 | D:5      | Noticed Edmund
  3508 | D:5      | Killed Edmund
  3562 | D:5      | Found a glowing silver altar of Zin.
  4149 | D:6      | Reached XP level 9. HP: 53/70 MP: 14/14
  4272 | D:6      | Identified the +5 leather armour of Xeplann {MP+9}
  4624 | D:6      | Found an ornate altar of the Wu Jian Council.
  4868 | D:7      | Reached skill level 5 in Invocations
  5580 | D:7      | Reached skill level 5 in Long Blades
  5580 | D:7      | Reached skill level 5 in Axes
  5580 | D:7      | Reached skill level 5 in Maces & Flails
  5580 | D:7      | Reached skill level 5 in Polearms
  5580 | D:7      | Reached skill level 5 in Staves
  5580 | D:7      | Reached skill level 5 in Ranged Weapons
  5580 | D:7      | Reached skill level 5 in Throwing
  5580 | D:7      | Reached skill level 5 in Armour
  5580 | D:7      | Reached skill level 5 in Shields
  5580 | D:7      | Reached skill level 5 in Unarmed Combat
  5580 | D:7      | Reached skill level 5 in Spellcasting
  5580 | D:7      | Reached skill level 5 in Evocations
  5580 | D:7      | Reached XP level 10. HP: 81/81 MP: 17/17
  6510 | D:8      | Reached skill level 11 in Stealth
  6697 | D:8      | Reached skill level 5 in Shapeshifting
  6777 | D:8      | Identified a scroll of acquirement
  6777 | D:8      | Acquired a manual of Long Blades
  6958 | D:8      | Found a bloodstained altar of Trog.
  8128 | D:10     | Entered Level 10 of the Dungeon
  8153 | D:10     | Noticed a gargoyle
  8170 | D:9      | Reached skill level 5 in Conjurations
  8170 | D:9      | Reached skill level 5 in Hexes
  8170 | D:9      | Reached skill level 5 in Summonings
  8170 | D:9      | Reached skill level 5 in Necromancy
  8170 | D:9      | Reached skill level 5 in Translocations
  8170 | D:9      | Reached skill level 5 in Fire Magic
  8170 | D:9      | Reached skill level 5 in Ice Magic
  8170 | D:9      | Reached skill level 5 in Air Magic
  8170 | D:9      | Reached skill level 5 in Earth Magic
  8170 | D:9      | Reached skill level 5 in Alchemy
  8424 | D:9      | Reached XP level 11. HP: 89/89 MP: 20/20
  8484 | D:10     | Noticed a two-headed ogre
  8692 | D:10     | Noticed a two-headed ogre
  8696 | D:10     | Killed a two-headed ogre
  8709 | D:10     | Killed a two-headed ogre
  8837 | D:10     | Noticed a two-headed ogre
  8847 | D:10     | Killed a two-headed ogre
  8977 | D:10     | Found a staircase to the Lair.
  9258 | D:10     | Found a hide-covered altar of Uskayaw.
  9283 | D:10     | Found a radiant altar of Vehumet.
  9304 | D:10     | Found a glowing golden altar of the Shining One.
  9307 | D:10     | Found a sacrificial altar of Ru.
  9307 | D:10     | Found an ancient bone altar of Kikubaaqudgha.
  9314 | D:10     | Found a shimmering altar of Xom.
  9456 | D:11     | Found a staircase to the Orcish Mines.
  9824 | D:11     | Noticed a harpy
  9834 | D:11     | Killed a harpy
 10242 | D:12     | Upgraded the game from 0.32-a0-909-gc671339a80 to
                  | 0.32-a0-913-g739538afd8
 10291 | D:12     | Noticed a skeletal warrior
 10291 | D:12     | Noticed a skeletal warrior
 10291 | D:12     | Noticed a skeletal warrior
 10352 | Lair:1   | Entered Level 1 of the Lair of Beasts
 10373 | Lair:1   | Identified the +5 scale mail "Ulaska" {Stlth+}
 10697 | Lair:1   | Reached XP level 12. HP: 78/97 MP: 22/22
 11073 | Lair:1   | Reached skill level 12 in Stealth
 11645 | Lair:1   | Reached skill level 10 in Fighting
 12201 | Lair:3   | Noticed Josephine
 12217 | Lair:3   | Found a hole to the Spider Nest.
 12692 | Lair:2   | Reached skill level 10 in Long Blades
 13299 | Lair:2   | Reached XP level 13. HP: 85/104 MP: 25/25
 13611 | Lair:2   | Found a staircase to the Shoals.
 14319 | Lair:3   | Noticed Fannar
 14370 | Lair:3   | Killed Fannar
 14666 | Lair:3   | Killed Josephine
 15641 | Lair:3   | Noticed Nergalle
 15663 | Lair:3   | Killed Nergalle
 16700 | Lair:4   | HP: 2/105 [death yak (20)]
 16739 | Lair:4   | Learned a level 2 spell: Ensorcelled Hibernation
 16741 | Lair:4   | Reached skill level 10 in Short Blades
 16741 | Lair:4   | Reached skill level 10 in Dodging
 17944 | Lair:5   | Entered Level 5 of the Lair of Beasts
 18282 | Lair:4   | Reached skill level 13 in Stealth
 18447 | Lair:4   | Reached XP level 14. HP: 113/113 MP: 27/27
 18454 | Lair:4   | Reached skill level 10 in Invocations
 19222 | Lair:5   | HP: 3/113 [goliath frog (22)]
 19222 | Lair:5   | Splashed by a goliath frog's acid

Illustrated notes

Levels and vault maps discovered:
D:1:      dpeg_arrival_stone_temple_mockup, layout_loops_ring,
          minmay_heptomino_d4
D:2:      layout_rooms, minmay_rat_gold_closets, uniq_sigmund, uniq_terence
D:3:      layout_basic, kennysheep_generic_room_7
D:4:      layout_loops_ring, minmay_temple_entry_tees, dk_noncrumbling_3,
          uniq_ijyb, uniq_pikel
D:5:      nicolae_cairo_tiling, layout_basic, zin_scriptorium, serial_shops,
          nicolae_take_the_stairs, grunt_ministairs_11, uniq_edmund
D:6:      layout_loops_cross, general_overflow_altar, serial_park_tiny_pond,
          minmay_tree_intersection
D:7:      layout_loops_corners
D:8:      layout_loops_corners, lightli_temple_of_fire
D:9:      layout_long_grid, minmay_misc_feat_square,
          corexii_hall_statues_deadend, nicolae_kite_square_tiling_tiny
D:10:     layout_big_octagon, eat_drink_and_be_merry_uskayaw,
          nicolae_overflow_hallway_of_the_gods, lair_entry_dummy,
          serial_column_ruins, column_ruins_columns_dead_end,
          column_ruins_corridor_plus, column_ruins_corridor_corner,
          column_ruins_open_medium, grunt_decor_one_mirror, nicolae_the_louvre
D:11:     layout_roguey, orc_david_3
D:12:     layout_roguey, serial_shops, nicolae_shop_tiny_glass,
          minmay_fountain_box
Temple:   dshaligram_water_room_temple
Lair:1:   layout_cave_pods, nicolae_lair_grove_arrangements
Lair:2:   layout_small_grid, elwin_shoals_entry_rocks,
          chequers_serial_rivers_small_3, nicolae_lair_run_with_the_wolves,
          grunt_megastairs_4
Lair:3:   layout_chaotic_city, spider_nest_entry_rubble, uniq_nergalle,
          uniq_josephine, uniq_fannar
Lair:4:   layout_small_grid, minivault_23, grunt_forest_small_clearing_treed
Lair:5:   minmay_lair_end_frog_pond, layout_gridlike,
          minmay_slime_entry_pillars, serial_bayou_pond_b,
          hangedman_lair_generics_rect

Skill      XL: |  1  2  3  4  5  6  7  8  9 10 11 12 13 14 |
---------------+-------------------------------------------+-----
Stealth        | 10 11 12 13 | 13.2
Long Blades    | 1 2 3 5 6 8 10 11 12 | 12.1
Axes           | 1 2 3 5 6 7 8 9 |  9.5
Maces & Flails | 1 2 3 5 6 7 8 9 |  9.5
Polearms       | 1 2 3 5 6 7 8 9 |  9.5
Staves         | 1 2 3 5 6 7 8 9 |  9.5
Ranged Weapons | 1 2 3 5 6 7 8 9 |  9.5
Throwing       | 1 2 3 5 6 7 8 9 |  9.5
Armour         | 1 2 3 5 6 7 8 9 |  9.5
Shields        | 1 2 3 5 6 7 8 9 |  9.5
Unarmed Combat | 1 2 3 5 6 7 8 9 |  9.5
Spellcasting   | 1 2 3 5 6 7 8 9 |  9.5
Conjurations   | 1 2 3 4 5 6 7 |  7.9
Hexes          | 1 2 3 4 5 6 7 |  7.9
Summonings     | 1 2 3 4 5 6 7 |  7.9
Necromancy     | 1 2 3 4 5 6 7 |  7.9
Translocations | 1 2 3 4 5 6 7 |  7.9
Fire Magic     | 1 2 3 4 5 6 7 |  7.9
Ice Magic      | 1 2 3 4 5 6 7 |  7.9
Air Magic      | 1 2 3 4 5 6 7 |  7.9
Earth Magic    | 1 2 3 4 5 6 7 |  7.9
Alchemy        | 1 2 3 4 5 6 7 |  7.9
Invocations    | 1 2 3 4 5 6 7 8 9 10 | 10.3
Evocations     | 1 2 3 5 6 7 8 9 |  9.5
Shapeshifting  | 1 2 3 4 5 6 7 8 |  8.6
Short Blades   | 5 6 7 8 9 10 | 10.5
Dodging        | 5 6 7 8 9 10 | 10.5
Fighting       | 7 8 9 10 11 | 11.5

Action                     |  1- 3 |  4- 6 |  7- 9 | 10-12 | 13-15 || total
---------------------------+-------+-------+-------+-------+-------++-------
  Melee: Short sword       |     2 |   125 |   267 |   369 |       ||   763
         Bite              |       |    11 |    42 |   131 |   103 ||   287
         Flail             |       |    10 |       |    78 |       ||    88
         Hand axe          |       |       |    95 |   186 |    36 ||   317
         Long sword        |       |       |       |   102 |   482 ||   584
         Dagger            |       |       |       |       |     1 ||     1
  Throw: Dart              |       |       |       |     1 |       ||     1
   Cast: Mephitic Cloud    |       |       |    19 |   114 |   104 ||   237
         Ensorcelled Hiber |       |       |       |       |     3 ||     3
  Evoke: Wand              |       |     8 |     2 |    11 |    19 ||    40
    Use: Scroll            |     2 |     1 |     4 |    17 |    10 ||    34
         Potion            |       |       |     2 |     3 |     1 ||     6
   Stab: Sleeping          |     2 |    16 |    36 |     9 |     5 ||    68
         Invisible         |       |     1 |     3 |       |       ||     4
         Confused          |       |       |     9 |    77 |    63 ||   149
         Distracted        |       |       |       |     2 |       ||     2
 Armour: Leather armour    |     1 |    51 |   138 |   441 |   281 ||   912
         Robe              |       |       |    41 |       |       ||    41
  Dodge: Dodged            |       |    69 |   127 |   331 |   245 ||   772
  Block: Buckler           |       |    12 |    83 |   145 |       ||   240
         Kite shield       |       |       |       |   206 |   356 ||   562

Table legend: (Time is in decaauts)
 A = Elapsed time spent in this place.
 B = Non-inter-level travel time spent in this place.
 C = Inter-level travel time spent in this place.
 D = Time resting spent in this place.
 E = Time spent auto-exploring this place.
 F = Levels seen in this place.
 G = Mean time per level.
                   A        B        C        D        E       F      G
               +--------+--------+--------+--------+--------+-----+--------+
         Total |  19328 |  18666 |    662 |   4494 |   8847 |  18 | 1073.8 |
       Dungeon |  10322 |   9805 |    517 |   1122 |   5761 |  12 |  860.2 |
        Temple |     32 |      1 |     31 |      0 |      0 |   1 |   32.0 |
          Lair |   8973 |   8859 |    114 |   3372 |   3085 |   5 | 1794.6 |
               +--------+--------+--------+--------+--------+-----+--------+

Top non-repeatable levels by time:
  Lair:4: 2541 daAuts
  Lair:2: 2245 daAuts
  Lair:3: 1981 daAuts
  Lair:1: 1511 daAuts
     D:8: 1406 daAuts
     D:9: 1334 daAuts
     D:7: 1090 daAuts
     D:1: 1039 daAuts
     D:6: 893 daAuts
     D:5: 875 daAuts
    D:11: 857 daAuts
    D:10: 764 daAuts
     D:4: 750 daAuts
  Lair:5: 693 daAuts
     D:2: 626 daAuts
